Comets vs Moose

Created - May 8, 2025 at 09:57

Goals
1 2 3 T
Comets 1 1 4 6
Moose 0 2 1 3
Shots
1 2 3 T
Comets 7 7 20 34
Moose 6 12 13 31

1st period

1. Comets , Valeri Nichushkin 25 (Brett Seney 49) at 2:54

Penalties :
Ilya Lyubushkin (Uti) for Roughing (Minor) at 5:09

2nd period

2. Moose , Logan O'Connor 27 (Josh Mahura 24, Caleb Jones 19) at 1:55
3. Moose , Reid Boucher 8 (Juuso Valimaki 45, Ludwig Bystrom 41) at 8:46
4. Comets , Nicolas Roy 16 (Eeli Tolvanen 9, Alexandre Texier 25) at 11:32

Penalties :
Caleb Jones (Man) for Tripping (Minor) at 13:13

3rd period

5. Comets , Brett Seney 46 (Joonas Donskoi 47) at 3:34
6. Comets , Alexandre Texier 28 (Nicolas Roy 17, Wyatt Kalynuk 27) at 8:06
7. Comets , Nikita Nesterenko 5 (Cristiano Digiacinto 7, David Kase 7) at 10:48
8. Comets , Eeli Tolvanen 9 (Alexandre Texier 26, Brett Howden 43) at 16:22
9. Moose , Reid Boucher 9 (Morgan Geekie 24, Eetu Luostarinen 43) at 19:06

Penalties :
Reid Boucher (Man) for Tripping (Minor) at 8:09, Morgan Geekie (Man) for Interference (Minor) at 14:12, Ilya Lyubushkin (Uti) for Holding (Minor) at 19:28

Goalie Stats

Juuse Saros (Uti), 28 saves from 31 shots - (0.903), W, 30-20-5, 60:00 minutes
Filip Gustavsson (Man), 28 saves from 34 shots - (0.824), L, 33-30-3, 60:00 minutes

Players Stats for Comets

Player Name              G  A  P  +/- PIM S  H  SB GA TA FO     MP     PP MP  PK MP  
------------------------------------------------------------------------------------
                         0  0  0   0  0   0  0  0  0  0  0/0     0:00   0:00   0:00 
                         0  0  0   0  0   0  0  0  0  0  0/0     0:00   0:00   0:00 
                         0  0  0   0  0   0  0  0  0  0  0/0     0:00   0:00   0:00 
                         0  0  0   0  0   0  0  0  0  0  0/0     0:00   0:00   0:00 
                         0  0  0   0  0   0  0  0  0  0  0/0     0:00   0:00   0:00 
                         0  0  0   0  0   0  0  0  0  0  0/0     0:00   0:00   0:00 
Alexandre Texier         1  2  3   3  0   3  0  0  0  1  0/0    10:43   0:00   0:00 
Brett Howden             0  1  1  -1  0   3  0  1  0  1  6/8    18:04   2:35   0:38 
Brett Seney              1  1  2   0  0   4  1  0  0  0  16/35  20:48   3:22   0:31 
Christian Wolanin        0  0  0   1  0   2  1  0  0  1  0/0    25:33   3:47   1:34 
Conor Garland            0  0  0  -1  0   1  4  0  0  0  0/0    16:03   2:35   0:00 
Cristiano Digiacinto     0  1  1   1  0   1  2  0  0  0  0/0    10:57   0:00   1:37 
David Kase               0  1  1   1  0   2  0  0  0  0  0/0     9:20   0:00   0:00 
Eeli Tolvanen            1  1  2   3  0   2  0  0  0  0  0/0    10:41   0:00   0:00 
Filip Roos               0  0  0   1  0   0  1  1  0  0  0/0    11:42   0:00   1:15 
Ilya Lyubushkin          0  0  0   1  4   0  4  0  0  0  0/0    27:25   3:47   0:00 
Jake Bean                0  0  0   1  0   1  1  2  0  0  0/0    20:00   2:10   0:56 
Jonathan Kovacevic       0  0  0   0  0   0  0  0  0  0  0/0     5:05   0:00   0:00 
Joonas Donskoi           0  1  1   0  0   5  2  0  0  0  1/1    20:12   3:22   0:00 
Mason Marchment          0  0  0  -1  0   2  2  0  0  0  1/1    17:58   2:35   0:41 
Nicolas Roy              1  1  2   3  0   3  1  1  0  1  4/9    11:56   0:00   1:21 
Nikita Nesterenko        1  0  1   1  0   2  1  0  0  0  5/6     9:20   0:00   0:00 
Valeri Nichushkin        1  0  1   0  0   3  2  1  0  0  2/2    20:24   3:22   0:12 
Vincent Desharnais       0  0  0   1  0   0  1  0  0  0  0/0    10:56   0:00   0:19 
Wyatt Kalynuk            0  1  1   1  0   0  1  0  0  0  0/0    20:21   2:10   0:56 

Players Stats for Moose

Player Name              G  A  P  +/- PIM S  H  SB GA TA FO     MP     PP MP  PK MP  
------------------------------------------------------------------------------------
                         0  0  0   0  0   0  0  0  0  0  0/0     0:00   0:00   0:00 
                         0  0  0   0  0   0  0  0  0  0  0/0     0:00   0:00   0:00 
                         0  0  0   0  0   0  0  0  0  0  0/0     0:00   0:00   0:00 
                         0  0  0   0  0   0  0  0  0  0  0/0     0:00   0:00   0:00 
                         0  0  0   0  0   0  0  0  0  0  0/0     0:00   0:00   0:00 
                         0  0  0   0  0   0  0  0  0  0  0/0     0:00   0:00   0:00 
                         0  0  0   0  0   0  0  0  0  0  0/0     0:00   0:00   0:00 
Aliaksei Protas          0  0  0  -2  0   0  0  0  0  0  1/2    10:17   0:00   0:00 
Axel Jonsson-Fjallby     0  0  0  -2  0   2  3  0  0  0  0/0    10:33   0:00   0:00 
Caleb Jones              0  1  1  -1  2   1  3  0  0  0  0/0    19:53   0:44   1:38 
Eetu Luostarinen         0  1  1   1  0   1  2  0  0  0  1/2    22:26   1:50   3:01 
Jake Leschyshyn          0  0  0   0  0   3  1  0  1  0  5/12   15:47   0:40   2:01 
Joey Keane               0  0  0  -2  0   0  1  1  1  0  0/0    13:45   0:00   1:08 
Jonny Tychonick          0  0  0  -2  0   0  0  1  0  0  0/0    12:49   0:00   0:00 
Josh Mahura              0  1  1  -1  0   4  0  1  0  0  0/0    19:46   0:44   2:35 
Julien Gauthier          0  0  0  -2  0   2  0  1  0  0  0/0    11:17   0:40   0:00 
Juuso Valimaki           0  1  1   0  0   2  1  2  0  0  0/0    26:46   1:46   3:23 
Logan O'Connor           1  0  1   0  0   4  0  0  0  0  0/1    14:50   0:00   1:44 
Ludwig Bystrom           0  1  1   0  0   1  4  0  0  0  0/0    26:26   1:46   3:10 
Mitchell Stephens        0  0  0  -2  0   0  0  1  0  0  1/6    10:41   0:00   0:00 
Morgan Barron            0  0  0   0  0   0  2  2  1  0  1/1    16:00   0:40   2:20 
Morgan Geekie            0  1  1   1  2   5  2  1  0  0  2/3    19:16   1:50   0:00 
Nick Paul                0  0  0  -2  0   2  1  0  1  0  0/0    10:46   0:00   0:20 
Reid Boucher             2  0  2   1  2   4  2  0  0  0  15/30  21:30   1:50   2:05 
Riley Damiani            0  0  0  -2  0   0  3  0  0  0  1/5    10:46   0:00   0:23 

3 Stars

1 - Alexandre Texier (Uti)
2 - Nicolas Roy (Uti)
3 - Eeli Tolvanen (Uti)

Power Play

Comets - 0 on 3 Attempt(s) - 0.00%
Moose - 0 on 2 Attempt(s) - 0.00%

Penalty Kill

Comets - 2 on 2 Attempt(s) - 100.00% - Score 0 goal in Penalty Kill
Moose - 3 on 3 Attempt(s) - 100.00% - Score 0 goal in Penalty Kill

Team Stat

Comets - Hits : 24 - Faceoff Wins : 35 - Blocked Shots : 6 - Penalty Minutes : 4
Moose - Hits : 25 - Faceoff Wins : 27 - Blocked Shots : 10 - Penalty Minutes : 6

Official

Referees : Kendrick Nicholson and Garrett Rank
Linesman : Derek Amell and Steve Barton

Game Notes

11:32 of 2nd period - Comets goal is going for a video replay. After video review, Goal.

Finance

Level 1 -- Attendance: 1751 (87.55%) -- Ticket Income $122,570
Level 2 -- Attendance: 971 (97.10%) -- Ticket Income $38,840
Total Attendance: 2722 (90.73%)
Total Ticket Income: $161,410
Other Income: $8,070
Total Income: $169,480

Comets

5 vs 5 Forward 
   Center                   Left Wing                Right Wing               Time % Phy DF OF 
 1 Brett Seney              Valeri Nichushkin        Joonas Donskoi           40     0   2  3  
 2 Brett Howden             Mason Marchment          Conor Garland            30     0   2  3  
 3 Nicolas Roy              Eeli Tolvanen            Alexandre Texier         20     0   2  3  
 4 Nikita Nesterenko        Cristiano Digiacinto     David Kase               10     1   2  2  

5 vs 5 Defense 
   Defense                  Defense                                           Time % Phy DF OF 
 1 Ilya Lyubushkin          Christian Wolanin                                 40     0   3  2  
 2 Jake Bean                Wyatt Kalynuk                                     30     0   3  2  
 3 Filip Roos               Vincent Desharnais                                20     0   3  2  
 4 Jonathan Kovacevic       Ilya Lyubushkin                                   10     0   3  2  

PowerPlay Forward 
   Center                   Left Wing                Right Wing               Time % Phy DF OF 
 1 Brett Seney              Valeri Nichushkin        Joonas Donskoi           60     0   1  4  
 2 Brett Howden             Mason Marchment          Conor Garland            40     0   1  4  

PowerPlay Defense
   Defense                  Defense                                           Time % Phy DF OF 
 1 Ilya Lyubushkin          Christian Wolanin                                 60     0   2  3  
 2 Jake Bean                Wyatt Kalynuk                                     40     0   2  3  

Penalty Kill 4 Players Forward 
   Center                   Wing                     Time % Phy DF OF 
 1 Nicolas Roy              Cristiano Digiacinto     60     1   3  1  
 2 Brett Howden             Mason Marchment          40     1   3  1  

Penalty Kill 4 Players Defense
   Defense                  Defense                  Time % Phy DF OF 
 1 Ilya Lyubushkin          Christian Wolanin        60     1   4  0  
 2 Jake Bean                Wyatt Kalynuk            40     1   4  0  

Penalty Kill - 3 Players Forward 
   Forward                                           Time % Phy DF OF 
 1 Brett Seney                                       60     1   2  2  
 2 Brett Howden                                      40     1   2  2  

Penalty Kill - 3 Players Defense
   Defense                  Defense                  Time % Phy DF OF 
 1 Ilya Lyubushkin          Christian Wolanin        60     1   2  2  
 2 Jake Bean                Wyatt Kalynuk            40     1   2  2  

4 vs 4 Forward 
   Center                   Wing                     Time % Phy DF OF 
 1 Brett Seney              Valeri Nichushkin        60     1   2  2  
 2 Brett Howden             Mason Marchment          40     1   2  2  

4 vs 4 Defense
   Defense                  Defense                  Time % Phy DF OF 
 1 Ilya Lyubushkin          Christian Wolanin        60     1   2  2  
 2 Jake Bean                Wyatt Kalynuk            40     1   2  2  

Last Minutes Offensive
   Center                   Left Wing                Right Wing               Defense                  Defense                  
   Brett Seney              Valeri Nichushkin        Joonas Donskoi           Ilya Lyubushkin          Christian Wolanin        

Last Minutes Defensive
   Center                   Left Wing                Right Wing               Defense                  Defense                  
   Brett Seney              Valeri Nichushkin        Conor Garland            Ilya Lyubushkin          Christian Wolanin        

Goaltenders
Starting : Juuse Saros              
Backup : Akira Schmid             

Extra Forwards
Normal : Alexandre Texier, Eeli Tolvanen, Cristiano Digiacinto - PP : Alexandre Texier, Eeli Tolvanen - PK : Mason Marchment
Extra Defensemen
Normal : Filip Roos, Vincent Desharnais, Jonathan Kovacevic - PP : Filip Roos - PK : Filip Roos, Vincent Desharnais
Penalty Shots
Valeri Nichushkin, Conor Garland, Brett Seney, Joonas Donskoi, Mason Marchment
Custom OT Lines Forwards
Valeri Nichushkin, Conor Garland, Brett Seney, Joonas Donskoi, Mason Marchment, Brett Howden, Alexandre Texier, Eeli Tolvanen, Nicolas Roy, David Kase
Custom OT Lines Defensemen
Ilya Lyubushkin, Christian Wolanin, Jake Bean, Wyatt Kalynuk, Vincent Desharnais

Scratches
John Hayden (Strained Right Knee Injury), Marcus Bjork (Back Injury), Alex Turcotte (Healthy), Graeme Clarke (Healthy)

Moose

5 vs 5 Forward 
   Center                   Left Wing                Right Wing               Time % Phy DF OF 
 1 Reid Boucher             Eetu Luostarinen         Morgan Geekie            35     1   2  2  
 2 Jake Leschyshyn          Morgan Barron            Logan O'Connor           25     1   2  2  
 3 Mitchell Stephens        Axel Jonsson-Fjallby     Julien Gauthier          20     1   2  2  
 4 Riley Damiani            Nick Paul                Aliaksei Protas          20     1   2  2  

5 vs 5 Defense 
   Defense                  Defense                                           Time % Phy DF OF 
 1 Ludwig Bystrom           Juuso Valimaki                                    40     1   2  2  
 2 Caleb Jones              Josh Mahura                                       30     1   2  2  
 3 Joey Keane               Jonny Tychonick                                   20     1   2  2  
 4 Ludwig Bystrom           Juuso Valimaki                                    10     1   2  2  

PowerPlay Forward 
   Center                   Left Wing                Right Wing               Time % Phy DF OF 
 1 Reid Boucher             Eetu Luostarinen         Morgan Geekie            60     1   2  2  
 2 Jake Leschyshyn          Morgan Barron            Julien Gauthier          40     1   2  2  

PowerPlay Defense
   Defense                  Defense                                           Time % Phy DF OF 
 1 Ludwig Bystrom           Juuso Valimaki                                    60     1   2  2  
 2 Caleb Jones              Josh Mahura                                       40     1   2  2  

Penalty Kill 4 Players Forward 
   Center                   Wing                     Time % Phy DF OF 
 1 Reid Boucher             Eetu Luostarinen         60     1   2  2  
 2 Jake Leschyshyn          Morgan Barron            40     1   2  2  

Penalty Kill 4 Players Defense
   Defense                  Defense                  Time % Phy DF OF 
 1 Ludwig Bystrom           Juuso Valimaki           60     1   2  2  
 2 Caleb Jones              Josh Mahura              40     1   2  2  

Penalty Kill - 3 Players Forward 
   Forward                                           Time % Phy DF OF 
 1 Reid Boucher                                      60     1   2  2  
 2 Jake Leschyshyn                                   40     1   2  2  

Penalty Kill - 3 Players Defense
   Defense                  Defense                  Time % Phy DF OF 
 1 Ludwig Bystrom           Juuso Valimaki           60     1   2  2  
 2 Caleb Jones              Josh Mahura              40     1   2  2  

4 vs 4 Forward 
   Center                   Wing                     Time % Phy DF OF 
 1 Reid Boucher             Eetu Luostarinen         60     1   2  2  
 2 Jake Leschyshyn          Morgan Barron            40     1   2  2  

4 vs 4 Defense
   Defense                  Defense                  Time % Phy DF OF 
 1 Ludwig Bystrom           Juuso Valimaki           60     1   2  2  
 2 Caleb Jones              Josh Mahura              40     1   2  2  

Last Minutes Offensive
   Center                   Left Wing                Right Wing               Defense                  Defense                  
   Reid Boucher             Eetu Luostarinen         Morgan Geekie            Ludwig Bystrom           Juuso Valimaki           

Last Minutes Defensive
   Center                   Left Wing                Right Wing               Defense                  Defense                  
   Reid Boucher             Eetu Luostarinen         Morgan Geekie            Ludwig Bystrom           Juuso Valimaki           

Goaltenders
Starting : Filip Gustavsson         
Backup : Daniel Vladar            

Extra Forwards
Normal : Logan O'Connor, Morgan Barron, Nick Paul - PP : Logan O'Connor, Morgan Barron - PK : Logan O'Connor
Extra Defensemen
Normal : Josh Mahura, Joey Keane, Jonny Tychonick - PP : Josh Mahura - PK : Josh Mahura, Joey Keane
Penalty Shots
Eetu Luostarinen, Reid Boucher, Morgan Geekie, Julien Gauthier, Logan O'Connor
Custom OT Lines Forwards
Eetu Luostarinen, Reid Boucher, Morgan Geekie, Julien Gauthier, Logan O'Connor, Morgan Barron, Nick Paul, Jake Leschyshyn, Axel Jonsson-Fjallby, Mitchell Stephens
Custom OT Lines Defensemen
Ludwig Bystrom, Juuso Valimaki, Caleb Jones, Josh Mahura, Joey Keane

Scratches
Anders Bjork (Healthy), Alexander Khovanov (Healthy), Jaret Anderson-Dolan (Healthy), Matthew Benning (Upper Body Injury), Adam Ginning (Bruised Right Foot Injury)
Boris Katchouk (Healthy), Max Jones (Healthy), Nathan Bastian (Healthy), William Bitten (Healthy), Jonatan Berggren (Healthy)
John Beecher (Healthy), Juuso Parssinen (Healthy), Lukas Rousek (Healthy), Olle Eriksson Ek (Healthy), Karel Vejmelka (Healthy)

% Time on Ice - Comets

Lines # - Real PCT - Wanted PCT - Time Play
Normal Forward
1 - 33% - 40% - 16:50
2 - 29% - 30% - 14:42
3 - 21% - 20% - 10:41
4 - 18% - 10% - 9:20
Normal Defense
1 - 40% - 40% - 20:40
2 - 33% - 30% - 17:04
3 - 21% - 20% - 10:47
4 - 6% - 10% - 3:02
PP Forward
1 - 57% - 60% - 3:22
2 - 43% - 40% - 2:35
PP Defense
1 - 64% - 60% - 3:47
2 - 36% - 40% - 2:10
PK Forward
1 - 75% - 60% - 1:52
2 - 25% - 40% - 0:38
PK Defense
1 - 63% - 60% - 1:34
2 - 37% - 40% - 0:56
PK3 Forward
1 - 0% - 60%
2 - 0% - 40%
PK3 Defense
1 - 0% - 60%
2 - 0% - 40%
44 Forward
1 - 0% - 60%
2 - 0% - 40%
44 Defense
1 - 0% - 60%
2 - 0% - 40%
Last Minute Offensive  - 0:00
Last Minute Defensive  - 0:00
Total
Forward - 60:00
Defense - 60:00

% Time on Ice - Moose

Lines # - Real PCT - Wanted PCT - Time Play
Normal Forward
1 - 35% - 35% - 17:48
2 - 26% - 25% - 13:12
3 - 20% - 20% - 10:17
4 - 20% - 20% - 10:16
Normal Defense
1 - 39% - 40% - 20:08
2 - 34% - 30% - 17:18
3 - 23% - 20% - 11:36
4 - 5% - 10% - 2:31
PP Forward
1 - 73% - 60% - 1:50
2 - 27% - 40% - 0:40
PP Defense
1 - 71% - 60% - 1:46
2 - 29% - 40% - 0:44
PK Forward
1 - 89% - 60% - 5:17
2 - 11% - 40% - 0:40
PK Defense
1 - 57% - 60% - 3:22
2 - 43% - 40% - 2:35
PK3 Forward
1 - 0% - 60%
2 - 0% - 40%
PK3 Defense
1 - 0% - 60%
2 - 0% - 40%
44 Forward
1 - 0% - 60%
2 - 0% - 40%
44 Defense
1 - 0% - 60%
2 - 0% - 40%
Last Minute Offensive  - 0:00
Last Minute Defensive  - 0:00
Total
Forward - 60:00
Defense - 60:00

Play-by-Play

1st period


0:01 of 1st period - Reid Boucher wins face-off versus Brett Seney in neutral zone.
0:06 of 1st period - Snap shot by Reid Boucher.
0:06 of 1st period - Shot Blocked by Valeri Nichushkin.
0:08 of 1st period - Wrist shot by Juuso Valimaki.
0:08 of 1st period - Stopped by Juuse Saros without a rebound.
0:09 of 1st period - Brett Seney wins face-off versus Reid Boucher in Comets zone.
0:32 of 1st period - Wrist shot by Morgan Geekie.
0:32 of 1st period - Shot Misses the Net.
0:34 of 1st period - Snap shot by Ludwig Bystrom.
0:34 of 1st period - Deflect By Christian Wolanin.
0:34 of 1st period - Stopped by Juuse Saros without a rebound.
0:35 of 1st period - Jake Leschyshyn wins face-off versus Brett Howden in Comets zone.
0:36 of 1st period - Slapshot by Logan O'Connor.
0:36 of 1st period - Stopped by Juuse Saros without a rebound.
0:37 of 1st period - Brett Howden wins face-off versus Jake Leschyshyn in Comets zone.
0:48 of 1st period - Snap shot by Conor Garland.
0:48 of 1st period - Stopped by Filip Gustavsson without a rebound.
0:49 of 1st period - Nicolas Roy wins face-off versus Mitchell Stephens in Moose zone.
1:02 of 1st period - Slapshot by Alexandre Texier.
1:02 of 1st period - Stopped by Filip Gustavsson with a rebound.
2:07 of 1st period - Morgan Geekie is hit by Ilya Lyubushkin and loses puck.
2:48 of 1st period - Wrist shot by Brett Howden.
2:48 of 1st period - Stopped by Filip Gustavsson without a rebound.
2:49 of 1st period - Brett Seney wins face-off versus Jake Leschyshyn in Moose zone.
2:54 of 1st period - Snap shot by Valeri Nichushkin.
2:54 of 1st period - Goal by Valeri Nichushkin - Comets : 1 - Moose : 0.
2:55 of 1st period - Morgan Geekie wins face-off versus Brett Seney in neutral zone.
3:19 of 1st period - Icing by Ilya Lyubushkin.
3:20 of 1st period - Morgan Barron wins face-off versus Brett Seney in Comets zone.
3:47 of 1st period - Slapshot by Christian Wolanin.
3:47 of 1st period - Stopped by Filip Gustavsson without a rebound.
3:48 of 1st period - Aliaksei Protas wins face-off versus Nicolas Roy in Moose zone.
4:13 of 1st period - Wyatt Kalynuk is hit by Ludwig Bystrom and loses puck.
4:20 of 1st period - Snap shot by Mason Marchment.
4:20 of 1st period - Stopped by Filip Gustavsson without a rebound.
4:21 of 1st period - Mitchell Stephens wins face-off versus Brett Howden in Moose zone.
5:00 of 1st period - Valeri Nichushkin is hit by Reid Boucher.
5:09 of 1st period - Minor Penalty to Ilya Lyubushkin for Roughing.
5:10 of 1st period - Reid Boucher wins face-off versus Nicolas Roy in Comets zone.
6:34 of 1st period - Brett Seney is hit by Morgan Geekie and loses puck.
6:46 of 1st period - Icing by Juuso Valimaki.
6:47 of 1st period - Brett Seney wins face-off versus Reid Boucher in Moose zone.
7:05 of 1st period - Reid Boucher is hit by Mason Marchment and loses puck.
7:09 of 1st period - Penalty to Ilya Lyubushkin is over, Ilya Lyubushkin is back on ice.
7:26 of 1st period - Jake Bean is hit by Reid Boucher and loses puck.
7:31 of 1st period - Wrist shot by Reid Boucher.
7:31 of 1st period - Stopped by Juuse Saros with a rebound.
7:33 of 1st period - Wrist shot by Eetu Luostarinen.
7:33 of 1st period - Stopped by Juuse Saros with a rebound.
7:55 of 1st period - Wrist shot by Brett Howden.
7:55 of 1st period - Stopped by Filip Gustavsson with a rebound.
9:36 of 1st period - Off-side.
9:37 of 1st period - Jake Leschyshyn wins face-off versus Brett Seney in neutral zone.
9:48 of 1st period - Snap shot by Joonas Donskoi.
9:48 of 1st period - Shot Misses the Net.
9:50 of 1st period - Wrist shot by Vincent Desharnais.
9:50 of 1st period - Shot Blocked by Morgan Barron.
10:02 of 1st period - Juuso Valimaki is hit by Nicolas Roy and loses puck.
10:11 of 1st period - Snap shot by Alexandre Texier.
10:11 of 1st period - Shot Blocked by Juuso Valimaki.
10:31 of 1st period - Snap shot by Nick Paul.
10:31 of 1st period - Shot Misses the Net.
11:02 of 1st period - Christian Wolanin is hit by Riley Damiani and loses puck.
11:19 of 1st period - Jake Leschyshyn is hit by Cristiano Digiacinto and loses puck.
11:42 of 1st period - Eeli Tolvanen is hit by Ludwig Bystrom and loses puck.
12:18 of 1st period - Alexandre Texier is hit by Jake Leschyshyn.
12:28 of 1st period - Filip Roos is hit by Caleb Jones and loses puck.
14:22 of 1st period - Conor Garland is hit by Joey Keane and loses puck.
16:22 of 1st period - Nicolas Roy is hit by Morgan Barron and loses puck.
16:53 of 1st period - Valeri Nichushkin is hit by Ludwig Bystrom and loses puck.
17:08 of 1st period - Axel Jonsson-Fjallby is hit by Filip Roos and loses puck.
17:18 of 1st period - Icing by Morgan Barron.
17:19 of 1st period - Nikita Nesterenko wins face-off versus Jake Leschyshyn in Moose zone.
17:48 of 1st period - Josh Mahura is hit by Conor Garland and loses puck.
18:40 of 1st period - Snap shot by Axel Jonsson-Fjallby.
18:40 of 1st period - Stopped by Juuse Saros without a rebound.
18:41 of 1st period - Riley Damiani wins face-off versus Brett Seney in Comets zone.
19:00 of 1st period - Aliaksei Protas is hit by Joonas Donskoi and loses puck.
19:56 of 1st period - Icing by Logan O'Connor.
19:57 of 1st period - Nikita Nesterenko wins face-off versus Mitchell Stephens in Moose zone.
Goals for this period are 1 for Comets vs 0 for Moose.
Shots for this period are 7 for Comets vs 6 for Moose.

2nd period


0:01 of 2nd period - Reid Boucher wins face-off versus Brett Seney in neutral zone.
1:08 of 2nd period - Riley Damiani is hit by Nikita Nesterenko and loses puck.
1:17 of 2nd period - Snap shot by Josh Mahura.
1:17 of 2nd period - Stopped by Juuse Saros without a rebound.
1:18 of 2nd period - Brett Seney wins face-off versus Reid Boucher in Comets zone.
1:29 of 2nd period - Snap shot by Brett Seney.
1:29 of 2nd period - Shot Misses the Net.
1:53 of 2nd period - Snap shot by Logan O'Connor.
1:53 of 2nd period - Shot Blocked by Filip Roos.
1:55 of 2nd period - Wrist shot by Logan O'Connor.
1:55 of 2nd period - Goal by Logan O'Connor - Comets : 1 - Moose : 1.
1:56 of 2nd period - Brett Seney wins face-off versus Reid Boucher in neutral zone.
2:11 of 2nd period - Ilya Lyubushkin is hit by Eetu Luostarinen and loses puck.
2:27 of 2nd period - Slapshot by Josh Mahura.
2:27 of 2nd period - Stopped by Juuse Saros without a rebound.
2:28 of 2nd period - Brett Howden wins face-off versus Mitchell Stephens in Comets zone.
3:11 of 2nd period - Julien Gauthier is hit by Conor Garland and loses puck.
3:26 of 2nd period - Slapshot by Caleb Jones.
3:26 of 2nd period - Shot Misses the Net.
3:34 of 2nd period - Mitchell Stephens is hit by Conor Garland and loses puck.
3:43 of 2nd period - Snap shot by Mason Marchment.
3:43 of 2nd period - Stopped by Filip Gustavsson with a rebound.
4:07 of 2nd period - Backhand shot by Julien Gauthier.
4:07 of 2nd period - Stopped by Juuse Saros without a rebound.
4:08 of 2nd period - Morgan Geekie wins face-off versus Brett Seney in Comets zone.
4:17 of 2nd period - Slapshot by Juuso Valimaki.
4:17 of 2nd period - Shot Misses the Net.
4:19 of 2nd period - Snap shot by Morgan Geekie.
4:19 of 2nd period - Stopped by Juuse Saros without a rebound.
4:20 of 2nd period - Valeri Nichushkin wins face-off versus Reid Boucher in Comets zone.
5:13 of 2nd period - Icing by Jake Bean.
5:14 of 2nd period - Nikita Nesterenko wins face-off versus Reid Boucher in Comets zone.
5:14 of 2nd period - Nikita Nesterenko is hit by Morgan Geekie.
5:22 of 2nd period - Slapshot by Jake Bean.
5:22 of 2nd period - Shot Misses the Net.
5:51 of 2nd period - Slapshot by Nick Paul.
5:51 of 2nd period - Stopped by Juuse Saros with a rebound.
5:53 of 2nd period - Snap shot by Aliaksei Protas.
5:53 of 2nd period - Shot Blocked by Jake Bean.
6:11 of 2nd period - Wrist shot by Brett Seney.
6:11 of 2nd period - Stopped by Filip Gustavsson with a rebound.
6:13 of 2nd period - Snap shot by Wyatt Kalynuk.
6:13 of 2nd period - Shot Blocked by Jonny Tychonick.
6:15 of 2nd period - Snap shot by Valeri Nichushkin.
6:15 of 2nd period - Shot Blocked by Joey Keane.
6:47 of 2nd period - Wrist shot by Julien Gauthier.
6:47 of 2nd period - Stopped by Juuse Saros with a rebound.
7:55 of 2nd period - Axel Jonsson-Fjallby is hit by Joonas Donskoi and loses puck.
8:46 of 2nd period - Wrist shot by Juuso Valimaki.
8:46 of 2nd period - Deflect By Reid Boucher.
8:46 of 2nd period - Goal by Reid Boucher - Comets : 1 - Moose : 2.
8:47 of 2nd period - Reid Boucher wins face-off versus Brett Seney in neutral zone.
8:56 of 2nd period - Snap shot by Eetu Luostarinen.
8:56 of 2nd period - Deflect By Reid Boucher.
8:56 of 2nd period - Shot Misses the Net.
8:56 of 2nd period - Puck is out of play.
8:57 of 2nd period - Brett Seney wins face-off versus Reid Boucher in Comets zone.
9:01 of 2nd period - Jake Bean is hit by Caleb Jones and loses puck.
9:10 of 2nd period - Snap shot by Morgan Geekie.
9:10 of 2nd period - Stopped by Juuse Saros without a rebound.
9:11 of 2nd period - Eetu Luostarinen wins face-off versus Brett Seney in Comets zone.
9:12 of 2nd period - Wrist shot by Morgan Geekie.
9:12 of 2nd period - Stopped by Juuse Saros with a rebound.
10:53 of 2nd period - Jonny Tychonick is hit by Cristiano Digiacinto.
11:18 of 2nd period - Icing by Morgan Barron.
11:19 of 2nd period - Nicolas Roy wins face-off versus Riley Damiani in Moose zone.
11:28 of 2nd period - Snap shot by Alexandre Texier.
11:28 of 2nd period - Shot Misses the Net.
11:30 of 2nd period - Snap shot by Eeli Tolvanen.
11:30 of 2nd period - Stopped by Filip Gustavsson with a rebound.
11:32 of 2nd period - Snap shot by Nicolas Roy.
11:32 of 2nd period - Comets goal is going for a video replay.
11:32 of 2nd period - The goal is good.
11:32 of 2nd period - Goal by Nicolas Roy - Comets : 2 - Moose : 2.
11:33 of 2nd period - Joonas Donskoi wins face-off versus Morgan Geekie in neutral zone.
11:58 of 2nd period - Ludwig Bystrom is hit by Ilya Lyubushkin and loses puck.
13:13 of 2nd period - Minor Penalty to Caleb Jones for Tripping.
13:14 of 2nd period - Reid Boucher wins face-off versus Brett Seney in Moose zone.
13:57 of 2nd period - Juuso Valimaki is hit by Conor Garland and loses puck.
14:20 of 2nd period - Logan O'Connor is hit by Brett Seney and loses puck.
15:13 of 2nd period - Penalty to Caleb Jones is over, Caleb Jones is back on ice.
15:29 of 2nd period - Snap shot by Nick Paul.
15:29 of 2nd period - Stopped by Juuse Saros without a rebound.
15:30 of 2nd period - Nikita Nesterenko wins face-off versus Mitchell Stephens in Comets zone.
15:55 of 2nd period - Riley Damiani is hit by Vincent Desharnais and loses puck.
16:02 of 2nd period - Wrist shot by Nicolas Roy.
16:02 of 2nd period - Shot Misses the Net.
16:20 of 2nd period - Slapshot by Brett Seney.
16:20 of 2nd period - Stopped by Filip Gustavsson without a rebound.
16:21 of 2nd period - Brett Seney wins face-off versus Reid Boucher in Moose zone.
16:52 of 2nd period - Snap shot by Morgan Barron.
16:52 of 2nd period - Shot Misses the Net.
16:56 of 2nd period - Snap shot by Logan O'Connor.
16:56 of 2nd period - Stopped by Juuse Saros without a rebound.
16:57 of 2nd period - Brett Seney wins face-off versus Riley Damiani in Comets zone.
17:08 of 2nd period - Snap shot by Brett Seney.
17:08 of 2nd period - Shot Misses the Net.
17:10 of 2nd period - Wrist shot by Joonas Donskoi.
17:10 of 2nd period - Stopped by Filip Gustavsson without a rebound.
17:11 of 2nd period - Reid Boucher wins face-off versus Brett Seney in Moose zone.
17:11 of 2nd period - Reid Boucher is hit by Ilya Lyubushkin.
17:23 of 2nd period - Slapshot by Valeri Nichushkin.
17:23 of 2nd period - Shot Blocked by Juuso Valimaki.
17:25 of 2nd period - Backhand shot by Ilya Lyubushkin.
17:25 of 2nd period - Shot Misses the Net.
17:27 of 2nd period - Slapshot by Christian Wolanin.
17:27 of 2nd period - Deflect By Valeri Nichushkin.
17:27 of 2nd period - Shot Misses the Net.
17:27 of 2nd period - Puck is out of play.
17:28 of 2nd period - Brett Howden wins face-off versus Jake Leschyshyn in Moose zone.
17:57 of 2nd period - Snap shot by Brett Seney.
17:57 of 2nd period - Deflect By Joonas Donskoi.
17:57 of 2nd period - Stopped by Filip Gustavsson without a rebound.
17:58 of 2nd period - Reid Boucher wins face-off versus Brett Seney in Moose zone.
18:58 of 2nd period - David Kase is hit by Caleb Jones and loses puck.
19:09 of 2nd period - Christian Wolanin is hit by Axel Jonsson-Fjallby and loses puck.
Goals for this period are 1 for Comets vs 2 for Moose.
Shots for this period are 7 for Comets vs 12 for Moose.

3rd period


0:01 of 3rd period - Brett Seney wins face-off versus Reid Boucher in neutral zone.
0:01 of 3rd period - Valeri Nichushkin is hit by Juuso Valimaki and loses puck.
0:29 of 3rd period - Off-side.
0:30 of 3rd period - Brett Howden wins face-off versus Jake Leschyshyn in neutral zone.
1:06 of 3rd period - Snap shot by Jake Leschyshyn.
1:06 of 3rd period - Shot Blocked by Brett Howden.
1:08 of 3rd period - Snap shot by Josh Mahura.
1:08 of 3rd period - Stopped by Juuse Saros with a rebound.
1:10 of 3rd period - Snap shot by Jake Leschyshyn.
1:10 of 3rd period - Stopped by Juuse Saros with a rebound.
1:12 of 3rd period - Snap shot by Jake Leschyshyn.
1:12 of 3rd period - Stopped by Juuse Saros without a rebound.
1:13 of 3rd period - Brett Seney wins face-off versus Reid Boucher in Comets zone.
1:58 of 3rd period - Snap shot by Valeri Nichushkin.
1:58 of 3rd period - Stopped by Filip Gustavsson with a rebound.
2:09 of 3rd period - Off-side.
2:10 of 3rd period - Reid Boucher wins face-off versus Nikita Nesterenko in neutral zone.
2:29 of 3rd period - Ludwig Bystrom is hit by Wyatt Kalynuk.
2:50 of 3rd period - Wrist shot by Cristiano Digiacinto.
2:50 of 3rd period - Shot Misses the Net.
3:12 of 3rd period - Snap shot by Jake Bean.
3:12 of 3rd period - Deflect By Morgan Geekie.
3:12 of 3rd period - Stopped by Filip Gustavsson without a rebound.
3:13 of 3rd period - Jake Leschyshyn wins face-off versus Brett Seney in Moose zone.
3:13 of 3rd period - Jake Leschyshyn is hit by Valeri Nichushkin.
3:23 of 3rd period - Snap shot by Logan O'Connor.
3:23 of 3rd period - Stopped by Juuse Saros with a rebound.
3:25 of 3rd period - Slapshot by Josh Mahura.
3:25 of 3rd period - Stopped by Juuse Saros without a rebound.
3:26 of 3rd period - Brett Seney wins face-off versus Aliaksei Protas in Comets zone.
3:26 of 3rd period - Brett Seney is hit by Nick Paul.
3:34 of 3rd period - Wrist shot by Brett Seney.
3:34 of 3rd period - Goal by Brett Seney - Comets : 3 - Moose : 2.
3:35 of 3rd period - Brett Seney wins face-off versus Reid Boucher in neutral zone.
3:54 of 3rd period - Ilya Lyubushkin is hit by Ludwig Bystrom and loses puck.
4:30 of 3rd period - Off-side.
4:31 of 3rd period - Nicolas Roy wins face-off versus Mitchell Stephens in neutral zone.
4:34 of 3rd period - Slapshot by Jake Bean.
4:34 of 3rd period - Shot Blocked by Mitchell Stephens.
4:40 of 3rd period - Slapshot by Nicolas Roy.
4:40 of 3rd period - Shot Blocked by Julien Gauthier.
4:42 of 3rd period - Slapshot by Wyatt Kalynuk.
4:42 of 3rd period - Shot Misses the Net.
4:44 of 3rd period - Snap shot by Alexandre Texier.
4:44 of 3rd period - Deflect By Nicolas Roy.
4:44 of 3rd period - Shot Blocked by Josh Mahura.
4:44 of 3rd period - Puck is out of play.
4:45 of 3rd period - Brett Seney wins face-off versus Reid Boucher in Moose zone.
4:46 of 3rd period - Snap shot by Joonas Donskoi.
4:46 of 3rd period - Stopped by Filip Gustavsson without a rebound.
4:47 of 3rd period - Reid Boucher wins face-off versus Brett Seney in Moose zone.
5:12 of 3rd period - Filip Roos is hit by Morgan Barron and loses puck.
5:31 of 3rd period - Wrist shot by David Kase.
5:31 of 3rd period - Stopped by Filip Gustavsson with a rebound.
5:40 of 3rd period - Icing by Cristiano Digiacinto.
5:41 of 3rd period - Nikita Nesterenko wins face-off versus Reid Boucher in Comets zone.
5:52 of 3rd period - Slapshot by Christian Wolanin.
5:52 of 3rd period - Stopped by Filip Gustavsson with a rebound.
6:22 of 3rd period - Slapshot by Christian Wolanin.
6:22 of 3rd period - Shot Misses the Net.
6:42 of 3rd period - Slapshot by Ludwig Bystrom.
6:42 of 3rd period - Shot Misses the Net.
7:01 of 3rd period - Mason Marchment is hit by Axel Jonsson-Fjallby and loses puck.
7:08 of 3rd period - Wrist shot by Axel Jonsson-Fjallby.
7:08 of 3rd period - Stopped by Juuse Saros without a rebound.
7:09 of 3rd period - Reid Boucher wins face-off versus Brett Seney in Comets zone.
7:34 of 3rd period - Wrist shot by Jake Leschyshyn.
7:34 of 3rd period - Stopped by Juuse Saros with a rebound.
7:36 of 3rd period - Snap shot by Morgan Barron.
7:36 of 3rd period - Shot Misses the Net.
7:38 of 3rd period - Snap shot by Josh Mahura.
7:38 of 3rd period - Shot Misses the Net.
7:40 of 3rd period - Wrist shot by Morgan Barron.
7:40 of 3rd period - Shot Misses the Net.
7:42 of 3rd period - Wrist shot by Jake Leschyshyn.
7:42 of 3rd period - Shot Misses the Net.
7:44 of 3rd period - Snap shot by Caleb Jones.
7:44 of 3rd period - Shot Misses the Net.
7:46 of 3rd period - Snap shot by Caleb Jones.
7:46 of 3rd period - Stopped by Juuse Saros with a rebound.
8:06 of 3rd period - Wrist shot by Alexandre Texier.
8:06 of 3rd period - Goal by Alexandre Texier - Comets : 4 - Moose : 2.
8:07 of 3rd period - Reid Boucher wins face-off versus Brett Seney in neutral zone.
8:09 of 3rd period - Minor Penalty to Reid Boucher for Tripping.
8:10 of 3rd period - Brett Seney wins face-off versus Logan O'Connor in Moose zone.
8:42 of 3rd period - Jake Leschyshyn is hit by Ilya Lyubushkin and loses puck.
9:01 of 3rd period - Logan O'Connor is hit by Valeri Nichushkin and loses puck.
9:55 of 3rd period - Joonas Donskoi is hit by Riley Damiani and loses puck.
10:04 of 3rd period - Riley Damiani is hit by Christian Wolanin and loses puck.
10:09 of 3rd period - Penalty to Reid Boucher is over, Reid Boucher is back on ice.
10:23 of 3rd period - Vincent Desharnais is hit by Axel Jonsson-Fjallby and loses puck.
10:42 of 3rd period - Snap shot by David Kase.
10:42 of 3rd period - Shot Blocked by Morgan Geekie.
10:44 of 3rd period - Snap shot by Cristiano Digiacinto.
10:44 of 3rd period - Stopped by Filip Gustavsson with a rebound.
10:46 of 3rd period - Snap shot by Nikita Nesterenko.
10:46 of 3rd period - Stopped by Filip Gustavsson with a rebound.
10:48 of 3rd period - Wrist shot by Nikita Nesterenko.
10:48 of 3rd period - Goal by Nikita Nesterenko - Comets : 5 - Moose : 2.
10:49 of 3rd period - Brett Howden wins face-off versus Jake Leschyshyn in neutral zone.
12:31 of 3rd period - Snap shot by Brett Howden.
12:31 of 3rd period - Deflect By Axel Jonsson-Fjallby.
12:31 of 3rd period - Stopped by Filip Gustavsson without a rebound.
12:32 of 3rd period - Reid Boucher wins face-off versus Brett Seney in Moose zone.
13:05 of 3rd period - Slapshot by Nick Paul.
13:05 of 3rd period - Deflect By Riley Damiani.
13:05 of 3rd period - Shot Misses the Net.
13:05 of 3rd period - Puck is out of play.
13:06 of 3rd period - Brett Howden wins face-off versus Riley Damiani in Comets zone.
13:06 of 3rd period - Brett Howden is hit by Riley Damiani.
13:20 of 3rd period - Snap shot by Nick Paul.
13:20 of 3rd period - Shot Misses the Net.
13:26 of 3rd period - Nick Paul is hit by Mason Marchment and loses puck.
14:12 of 3rd period - Minor Penalty to Morgan Geekie for Interference.
14:13 of 3rd period - Reid Boucher wins face-off versus Brett Seney in Moose zone.
14:17 of 3rd period - Valeri Nichushkin is hit by Eetu Luostarinen and loses puck.
14:24 of 3rd period - Snap shot by Christian Wolanin.
14:24 of 3rd period - Shot Misses the Net.
14:26 of 3rd period - Wrist shot by Ilya Lyubushkin.
14:26 of 3rd period - Deflect By Joonas Donskoi.
14:26 of 3rd period - Stopped by Filip Gustavsson with a rebound.
14:28 of 3rd period - Snap shot by Brett Seney.
14:28 of 3rd period - Stopped by Filip Gustavsson without a rebound.
14:29 of 3rd period - Brett Seney wins face-off versus Reid Boucher in Moose zone.
14:38 of 3rd period - Wrist shot by Joonas Donskoi.
14:38 of 3rd period - Shot Misses the Net.
16:12 of 3rd period - Penalty to Morgan Geekie is over, Morgan Geekie is back on ice.
16:20 of 3rd period - Wrist shot by Alexandre Texier.
16:20 of 3rd period - Shot Misses the Net.
16:22 of 3rd period - Snap shot by Eeli Tolvanen.
16:22 of 3rd period - Goal by Eeli Tolvanen - Comets : 6 - Moose : 2.
16:23 of 3rd period - Jake Leschyshyn wins face-off versus Nicolas Roy in neutral zone.
16:26 of 3rd period - Snap shot by Juuso Valimaki.
16:26 of 3rd period - Shot Blocked by Jake Bean.
16:32 of 3rd period - Slapshot by Wyatt Kalynuk.
16:32 of 3rd period - Deflect By Nicolas Roy.
16:32 of 3rd period - Stopped by Filip Gustavsson without a rebound.
16:33 of 3rd period - Jake Leschyshyn wins face-off versus Nicolas Roy in Moose zone.
16:57 of 3rd period - Wrist shot by Nicolas Roy.
16:57 of 3rd period - Stopped by Filip Gustavsson with a rebound.
16:59 of 3rd period - Snap shot by Eeli Tolvanen.
16:59 of 3rd period - Shot Blocked by Morgan Barron.
17:13 of 3rd period - Slapshot by Alexandre Texier.
17:13 of 3rd period - Shot Misses the Net.
17:15 of 3rd period - Snap shot by Alexandre Texier.
17:15 of 3rd period - Stopped by Filip Gustavsson without a rebound.
17:16 of 3rd period - Brett Seney wins face-off versus Reid Boucher in Moose zone.
17:27 of 3rd period - Wrist shot by Joonas Donskoi.
17:27 of 3rd period - Stopped by Filip Gustavsson with a rebound.
18:15 of 3rd period - Slapshot by David Kase.
18:15 of 3rd period - Stopped by Filip Gustavsson without a rebound.
18:16 of 3rd period - Valeri Nichushkin wins face-off versus Riley Damiani in Moose zone.
18:19 of 3rd period - Slapshot by Valeri Nichushkin.
18:19 of 3rd period - Stopped by Filip Gustavsson without a rebound.
18:20 of 3rd period - Reid Boucher wins face-off versus Brett Seney in Moose zone.
18:27 of 3rd period - Slapshot by Juuso Valimaki.
18:27 of 3rd period - Stopped by Juuse Saros with a rebound.
18:29 of 3rd period - Wrist shot by Morgan Geekie.
18:29 of 3rd period - Stopped by Juuse Saros with a rebound.
18:31 of 3rd period - Snap shot by Eetu Luostarinen.
18:31 of 3rd period - Shot Misses the Net.
18:41 of 3rd period - Ludwig Bystrom is hit by Jake Bean and loses puck.
19:04 of 3rd period - Slapshot by Morgan Geekie.
19:04 of 3rd period - Stopped by Juuse Saros with a rebound.
19:06 of 3rd period - Snap shot by Morgan Geekie.
19:06 of 3rd period - Deflect By Reid Boucher.
19:06 of 3rd period - Goal by Reid Boucher - Comets : 6 - Moose : 3.
19:07 of 3rd period - Mason Marchment wins face-off versus Jake Leschyshyn in neutral zone.
19:28 of 3rd period - Minor Penalty to Ilya Lyubushkin for Holding.
19:29 of 3rd period - Reid Boucher wins face-off versus Nicolas Roy in Comets zone.
19:34 of 3rd period - Snap shot by Morgan Geekie.
19:34 of 3rd period - Shot Blocked by Nicolas Roy.
19:36 of 3rd period - Slapshot by Reid Boucher.
19:36 of 3rd period - Stopped by Juuse Saros without a rebound.
19:37 of 3rd period - Nicolas Roy wins face-off versus Eetu Luostarinen in Comets zone.
Goals for this period are 4 for Comets vs 1 for Moose.
Shots for this period are 20 for Comets vs 13 for Moose.